 Dungeon Crawl Stone Soup version 0.23.2-33-g5129a83184 (webtiles) character file.

Game seed: 7713144965973804418

3936 Folks the Conjurer (level 9, -6/62 HPs)
             Began as a Demigod Conjurer on Aug 12, 2019.
             Mangled by a komodo dragon (30 damage)
             ... on level 9 of the Dungeon.
             The game lasted 00:32:56 (9533 turns).

Folks the Conjurer (Demigod Conjurer)               Turns: 9533, Time: 00:32:57

Health: -6/62      AC:  9    Str: 13    XL:     9   Next: 70%
Magic:  0/29       EV: 13    Int: 23    God:
Gold:   511        SH:  0    Dex: 16    Spells: 4/18 levels left

rFire    . . .     SeeInvis .   H - +1 short sword (speed)
rCold    + . .     Gourm    .   (no shield)
rNeg     . . .     Faith    +   h - +0 ring mail {rC+}
rPois    +         Spirit   .   (no helmet)
rElec    +         Reflect  .   (no cloak)
rCorr    .         Harm     .   F - +0 pair of gloves
MR       +....                  s - +1 pair of boots
Stlth    +.........             E - amulet of faith
HPRegen  0.20/turn              K - ring of Zin's Outrage {*Corrode +Inv rElec rPois MR+}
MPRegen  0.21/turn              k - ring of magical power

@: very slightly contaminated
A: high mp 1
a: Evoke Invisibility


You were on level 9 of the Dungeon.
You were hungry.

You visited 1 branch of the dungeon, and saw 9 of its levels.
You also visited: Ossuary.

You collected 511 gold pieces.

Inventory:

Hand Weapons
 e - a +0 morningstar
 i - a +1 dagger of venom
 o - a +1 spear of venom
 H - a +1 short sword of speed (weapon)
 I - a -2 long sword
Missiles
 d - 7 curare-tipped needles
Armour
 a - a +0 robe
 h - a +0 ring mail of cold resistance (worn)
 n - a +0 ring mail
 p - a +0 buckler
 s - a +1 pair of boots (worn)
 y - a +0 pair of gloves
 F - a +0 pair of gloves (worn)
Jewellery
 k - a ring of magical power (right hand)
 v - an uncursed ring of magical power
 w - a +2 ring of protection
 B - a +2 ring of dexterity
 E - an amulet of faith (around neck)
 K - the ring of Zin's Outrage (left hand) {*Corrode +Inv rElec rPois MR+}
   (You took it off an orc on level 7 of the Dungeon)

   [ring of poison resistance]

   It insulates you from electricity.
   It protects you from poison.
   It affects your resistance to hostile enchantments.
   It lets you turn invisible.
   It may corrode you when you take damage.
 L - a +2 ring of intelligence {unknown}
Wands
 G - a wand of clouds (4)
Scrolls
 b - 6 scrolls of enchant armour {unknown}
 f - 4 scrolls of amnesia
 g - 3 scrolls of random uselessness {unknown}
 l - 6 scrolls of teleportation
 u - 9 scrolls of identify
Potions
 j - 6 potions of curing
 m - a potion of might
 q - a potion of resistance
 r - a potion of invisibility {unknown}
 t - a potion of heal wounds
 x - 2 potions of lignification
 A - 3 potions of brilliance {unknown}
 C - 9 potions of degeneration {unknown}
 D - 2 potions of mutation {unknown}
 J - 2 potions of flight
Comestibles
 c - 18 rations
 z - 2 chunks of flesh


   Skills:
 * Level 4.9 Armour
 + Level 4.0 Dodging
 - Level 1.7 Stealth
 - Level 5.3 Spellcasting
 * Level 7.7 Conjurations
 - Level 6.0 Hexes
 - Level 3.2 Translocations
 - Level 2.2 Evocations


You had 4 spell levels left.
You knew the following spells:

 Your Spells              Type           Power        Failure   Level  Hunger
a - Magic Dart            Conj           ####         1%          1    None
b - Searing Ray           Conj           #####.       1%          2    None
c - Dazzling Spray        Conj/Hex       #####.       3%          3    ##.....
d - Fulminant Prism       Conj/Hex       #####.....   11%         4    ####...
e - Force Lance           Conj/Tloc      ####....     19%         4    ####...

Your spell library contained the following spells:

 Spells                   Type           Power        Failure   Level  Hunger
 Iskenderun's Mystic Bla  Conj           #####...     8%          4    ####...


Dungeon Overview and Level Annotations

Branches:
Dungeon (9/15)             Temple (0/1) D:4
   Lair: D:8-11         Orc: D:9-12

Shops:
D:4 }   D:5 !

Annotations:
D:7 2 transporters, Ebilmort's ghost, novice OpWz


Innate Abilities, Weirdness & Mutations

You have an increased reservoir of magic. (+10% MP)


Message History

The komodo dragon is heavily wounded.
The komodo dragon is knocked back by the lance of force.
You hit the komodo dragon.
The komodo dragon is heavily wounded.
The komodo dragon barely misses you.
You hit the komodo dragon.
The komodo dragon is heavily wounded.
You hit the komodo dragon but do no damage.
The komodo dragon is heavily wounded.
The komodo dragon closely misses you.
You hit the komodo dragon but do no damage.
The komodo dragon is heavily wounded.
The komodo dragon bites you!!
Casting: Force Lance (slightly dangerous; 19% risk of failure)
Confirm with . or Enter, or press ? or * to list all spells.
Aiming: Force Lance (slightly dangerous; 19% risk of failure)
Press: ? - help, Shift-Dir - straight line, f/p - komodo dragon
Aim: a komodo dragon (heavily wounded)
You miscast Force Lance.
Your skin tingles.
The komodo dragon bites you!!
You die...

#..### #..# #...# #..#
#(..# #..# # #...# #..#
#. #.>.# #..# #.. #...#
#..# ##..####...# #..#
...........# #@.######
...........####l......#
......................#
...[.).).........####.#
....).)..........# #
..........####...#
..........# #...#
...)......# #...#
..........# #...#


You could see a komodo dragon.

Vanquished Creatures
  Sigmund (D:6)
  Menkaure (D:6)
  Duvessa (D:6)
  An orc warrior (D:9)
  2 sky beasts
  An ice beast (D:9)
  7 ogres
  2 phantoms (D:9)
  4 centaurs
  3 bullfrogs
  Dowan (D:6)
  2 scorpions
  8 killer bees
  3 crimson imps
  2 bullfrog zombies
  2 centaur zombies (Ossuary)
  5 bullfrog skeletons
  4 orc priests
  A jelly (D:8)
  A human zombie (Ossuary)
  A centaur skeleton (D:5)
  2 hounds
  6 orc wizards
  2 iguanas
  Natasha (twice) (D:3)
  3 worker ants
  A big kobold zombie (Ossuary)
  A hound zombie (D:9)
  7 mummies
  7 adders
  12 gnolls
  A shadow imp (D:9)
  An adder skeleton (D:5)
  2 worms
  7 dart slugs
  5 leopard geckos
  32 orcs
  A ball python (D:5)
  8 bats
  6 giant cockroaches
  10 goblins
  10 hobgoblins
  6 jackals
  10 kobolds
  5 quokkas
  4 frilled lizards
  A kobold zombie (Ossuary)
  A leopard gecko skeleton (D:6)
  3 orc zombies (Ossuary)
  A quokka zombie (D:5)
  7 rats
217 creatures vanquished.

Vanquished Creatures (others)
  28 fulminant prisms
28 creatures vanquished.

Grand Total: 245 creatures vanquished

Notes
Turn   | Place    | Note
-------+----------+-------------------------------------------
     0 | D:1      | Folks the Demigod Conjurer began the quest for the Orb.
     0 | D:1      | Reached XP level 1. HP: 14/14 MP: 5/5
   362 | D:1      | Reached XP level 2. HP: 10/20 MP: 3/7
   521 | D:1      | Learned a level 2 spell: Searing Ray
   770 | D:1      | Reached skill level 4 in Conjurations
   770 | D:1      | Reached XP level 3. HP: 26/26 MP: 9/9
   775 | D:1      | Learned a level 3 spell: Dazzling Spray
  1252 | D:2      | Reached skill level 1 in Hexes
  1529 | D:2      | Found a shattered altar of Ashenzari.
  1533 | D:2      | Reached XP level 4. HP: 33/33 MP: 7/11
  1628 | D:2      | Found a snail-covered altar of Cheibriados.
  2003 | D:3      | Reached XP level 5. HP: 38/38 MP: 8/12
  2136 | D:3      | Noticed Natasha
  2149 | D:3      | Killed Natasha
  2363 | D:3      | Noticed Natasha
  2366 | D:3      | Killed Natasha
  2547 | D:3      | Learned a level 4 spell: Fulminant Prism
  2557 | D:3      | Reached XP level 6. HP: 35/45 MP: 6/14
  3081 | D:4      | Found a staircase to the Ecumenical Temple.
  3155 | D:4      | Found Kipluebb's Gadget Shoppe.
  3547 | D:4      | Reached skill level 5 in Conjurations
  3803 | D:4      | Found a deep blue altar of Sif Muna.
  3877 | D:4      | Reached XP level 7. HP: 46/50 MP: 6/16
  4177 | D:5      | Entered Level 5 of the Dungeon
  4600 | D:5      | Reached skill level 5 in Hexes
  4609 | D:5      | Learned a level 4 spell: Force Lance
  4617 | D:5      | Found an ancient bone altar of Kikubaaqudgha.
  4692 | D:5      | Found Ysoptyri's Distillery.
  5167 | D:6      | Found a hazy altar of Hepliaklqana.
  5248 | D:6      | Noticed Menkaure
  5256 | D:6      | Killed Menkaure
  5277 | D:6      | Reached XP level 8. HP: 18/57 MP: 1/18
  5651 | D:6      | Reached skill level 1 in Translocations
  5741 | D:6      | Reached skill level 6 in Conjurations
  5924 | D:6      | Noticed Duvessa
  5924 | D:6      | Noticed Dowan
  5935 | D:6      | Killed Duvessa
  5935 | D:6      | Reached skill level 5 in Spellcasting
  5945 | D:6      | Found a stormy altar of Qazlal.
  5946 | D:6      | Killed Dowan
  6111 | D:6      | Found a bloodstained altar of Trog.
  6126 | D:6      | Noticed Sigmund
  6136 | D:6      | Killed Sigmund
  6346 | D:6      | Found a sparkling altar of Nemelex Xobeh.
  6346 | D:6      | Found a blossoming altar of Fedhas.
  6473 | D:7      | Noticed a moth of wrath
  6474 | D:7      | Noticed Ebilmort's ghost (novice OpWz)
  6476 | D:7      | Found a transporter.
  6482 | D:7      | Found a bloodstained altar of Trog.
  6488 | D:7      | Identified the ring of Zin's Outrage {*Corrode +Inv rElec
                  | rPois MR+}
  6553 | D:7      | Reached skill level 1 in Armour
  6582 | D:7      | HP: 4/85 [killer bee (5)]
  6683 | D:7      | Found a sand-covered staircase.
  6691 | Ossuary  | Entered an ossuary
  7116 | Ossuary  | Reached XP level 9. HP: 62/62 MP: 6/20
  7575 | D:7      | Found a burning altar of Makhleb.
  7699 | D:7      | Found a stormy altar of Qazlal.
  7827 | D:7      | Found a transporter.
  7943 | D:8      | Reached skill level 7 in Conjurations
  8491 | D:8      | Found a sacrificial altar of Ru.
  8523 | D:8      | Reached skill level 1 in Evocations
  9503 | D:9      | Noticed a komodo dragon
  9533 | D:9      | Mangled by a komodo dragon

Skill      XL: |  1  2  3  4  5  6  7  8  9 |
---------------+----------------------------+-----
Spellcasting   | 2 3 4 5 |  5.3
Conjurations   | 4 5 6 7 |  7.7
Hexes          | 1 2 3 4 5 6 |  6.0
Translocations | 3 |  3.2
Armour         | 2 4 |  4.9
Dodging        | 2 4 |  4.0
Evocations     | 2 |  2.2
Stealth        | |  1.7

Action                   |  1- 3 |  4- 6 |  7- 9 || total
-------------------------+-------+-------+-------++-------
Melee: Dagger            |    70 |    65 |    62 ||   197
       Unarmed           |     3 |       |       ||     3
       Club              |     2 |       |       ||     2
       Short sword       |     3 |       |   148 ||   151
 Cast: Magic Dart        |    13 |     2 |     7 ||    22
       Searing Ray       |     9 |    26 |    39 ||    74
       Dazzling Spray    |       |     6 |    15 ||    21
       Fulminant Prism   |       |     3 |    25 ||    28
       Force Lance       |       |       |    30 ||    30
  Use: Scroll            |     3 |       |     8 ||    11
       Potion            |       |       |     8 ||     8
 Stab: Sleeping          |     5 |     7 |       ||    12
       Invisible         |       |     1 |     1 ||     2
       Distracted        |       |       |     2 ||     2
  Eat: Chunk             |     2 |     6 |    22 ||    30
       Ration            |       |     1 |     1 ||     2
Armor: Robe              |    14 |    10 |    28 ||    52
       Skin              |       |       |    29 ||    29
       Ring mail         |       |       |    35 ||    35
Dodge: Dodged            |    47 |    54 |   185 ||   286
